 Dungeon Crawl Stone Soup version 0.30-a0-956-gcec3b41aec (webtiles) character file.

Game seed: 498057345597265088

189 Dirian the Covered (level 5, -16/48 HPs)
             Began as a Minotaur Fighter on Mar 29, 2023.
             Killed from afar by Ijyb (17 damage)
             ... with a bolt of acid
             ... on level 4 of the Dungeon.
             The game lasted 00:03:48 (2207 turns).

Dirian the Covered (Minotaur Fighter)               Turns: 2207, Time: 00:03:49

Health: -16/48     AC:  3    Str: 21 (22) XL:     5   Next: 40%
Magic:  4/4        EV:  9    Int: 10 (11) God:
Gold:   111        SH:  4    Dex:  8 (10) Spells: 4/4 levels left

rFire   . . .      SeeInvis .    a - +0 war axe
rCold   . . .      Faith    .    c - +0 buckler
rNeg    . . .      Spirit   .    b - +0 scale mail
rPois   .          Reflect  .    (helmet restricted)
rElec   .          Rampage  .    (no cloak)
rCorr   .                        (no gloves)
Will    .....                    (no boots) Stlth
                                 (no amulet)
HPRegen 0.28/turn                q - ring of flight
MPRegen 0.09/turn                s - +6 ring of intelligence

@: corroded, flying
A: horns 2, retaliatory headbutt
a: no special abilities


You were on level 4 of the Dungeon.
You visited 1 branch of the dungeon, and saw 4 of its levels.

You collected 111 gold pieces.

Inventory:

Hand Weapons
 a - a +0 war axe (weapon)
 n - a +0 flail
Armour
 b - a +0 scale mail (worn)
 c - a +0 buckler (worn)
 m - a +0 chain mail
Jewellery
 q - a ring of flight (left hand)
 s - a +6 ring of intelligence (right hand)
Wands
 v - a wand of digging (5)
Scrolls
 e - a scroll of amnesia {unknown}
 i - a scroll of poison
 k - a scroll of magic mapping
 o - a scroll of fog
 r - 3 scrolls of identify
 t - 2 scrolls of teleportation
 u - a scroll of immolation {unknown}
Potions
 d - 2 potions of might
 f - a potion of lignification {unknown}
 g - a potion of heal wounds {unknown}
 h - a potion of brilliance {unknown}
 j - a potion of resistance {unknown}
 l - a potion of curing {unknown}
 p - a potion of attraction {unknown}


   Skills:
 + Level 5.1 Fighting
 - Level 2.4 Axes
 + Level 5.5 Armour
 + Level 4.9 Shields


You had 4 spell levels left.
You didn't know any spells.
Your spell library contained the following spells:

 Spells                   Type           Power      Damage    Failure   Level
 Ozocubu's Armour         Ice            0%         N/A       98%         3
 Ozocubu's Refrigeration  Ice            0%         4d7       100%        7


Dungeon Overview and Level Annotations

Branches:
Dungeon (4/15) Zot: 21696
 Temple: D:4-7

Altars:
Sif Muna
Xom

Shops:
D:1 [

Annotations:
D:4 Ijyb


Innate Abilities, Weirdness & Mutations

You have a pair of horns on your head.
You reflexively headbutt those who attack you in melee.


Message History

You slash the jackal!
You kill the jackal!
You hear a bark! x2
A jackal comes into view.
The jackal bites you.
You slash the jackal!
You kill the jackal!
The jackal bites you but does no damage.
You barely miss the jackal.
The jackal bites you but does no damage.
You hit the jackal but do no damage. Your headbutt misses the jackal.
The jackal misses you. You furiously retaliate!
You headbutt the jackal!
You kill the jackal!
The jackal bites you but does no damage.
You closely miss the jackal. Your headbutt misses the jackal.
The jackal bites you but does no damage. x2
You hit the jackal.
You kill the jackal!
No target in view!
There is an open door here.
You see here a jackal corpse.
You reach down and open the door.
There is an open door here.
Found a scroll labelled CUR UKHLAUS.
Found a stone staircase leading down.
Found a scroll labelled SEDGHI XEMIALUHA.
You hear the slow rusting of a distant drain.
e - a scroll labelled SEDGHI XEMIALUHA
u - a scroll labelled CUR UKHLAUS You now have 111 gold pieces (gained 5).
Ijyb the Twisted Goblin comes into view.
She is wielding a +0 club and carrying a wand of acid (8).
Ijyb shouts!
Ijyb zaps a wand.
The bolt of acid hits you! The acid corrodes you!
Ijyb zaps a wand.
The bolt of acid hits you!
You completely miss Ijyb. Ijyb hits you with a +0 club.
You closely miss Ijyb.
Ijyb screams, "Me very upset!"
Ijyb zaps a wand.
The bolt of acid hits you!!
* * * LOW HITPOINT WARNING * * *
Ijyb zaps a wand.
The bolt of acid hits you!
You die...

#########
#..g@...#
#.###.#.#
##....#####
#..........
#.##....#####
#..........#
###.#.###..#
#.#.# #..#
#+##
#.#.###..#
##...##


You could see Ijyb.

Vanquished Creatures
  A hound (D:3)
  Natasha (thrice) (D:2)
  2 adders (D:3)
  A worm (D:2)
  2 dart slugs (D:1)
  An orc (D:3)
  12 endoplasms
  3 giant cockroaches
  6 goblins
  7 jackals
  2 quokkas
  A ball python (D:3)
  5 bats
  A frilled lizard (D:3)
  3 kobolds
  5 rats
55 creatures vanquished.

Vanquished Creatures (others)
  10 plants (D:2)
10 creatures vanquished.

Grand Total: 65 creatures vanquished

Notes
Turn   | Place    | Note
-------+----------+-------------------------------------------
     0 | D:1      | Dirian the Minotaur Fighter began the quest for the Orb.
     0 | D:1      | Reached XP level 1. HP: 19/19 MP: 0/0
     2 | D:1      | Found a runed translucent door.
   216 | D:1      | Reached XP level 2. HP: 27/27 MP: 1/1
   247 | D:1      | Found Wetsoly's Armour Emporium.
   540 | D:1      | Reached XP level 3. HP: 22/33 MP: 2/2
   735 | D:2      | Noticed Natasha
   744 | D:2      | Killed Natasha
   838 | D:2      | Noticed Natasha
   842 | D:2      | Killed Natasha
   843 | D:2      | Reached XP level 4. HP: 39/41 MP: 3/3
   964 | D:2      | Found a shimmering blue altar of Sif Muna.
  1066 | D:2      | Noticed Natasha
  1073 | D:2      | Killed Natasha
  1074 | D:2      | Reached skill level 5 in Armour
  1562 | D:3      | Found a shimmering altar of Xom.
  1738 | D:3      | Reached skill level 5 in Fighting
  1738 | D:3      | Reached XP level 5. HP: 47/48 MP: 4/4
  2203 | D:4      | Noticed Ijyb
  2207 | D:4      | HP: 1/48 [Ijyb/bolt of acid (18)]
  2207 | D:4      | Killed from afar by Ijyb

Illustrated notes

Levels and vault maps discovered:
D:1:      dpeg_arrival_caged_fury, layout_rooms, serial_shops,
          nicolae_shop_temple_entry_statues_fountains
D:2:      layout_basic, basic_altar, serial_bayou, serial_bayou_lake_a,
          serial_bayou_lagoon_a, serial_bayou_lagoon_b, serial_bayou_pond_d,
          uniq_natasha
D:3:      layout_loops_ring, mainiacjoe_overflow_boulevard
D:4:      layout_loops_corners, mainiacjoe_overflow_catwalk,
          gup_sewer_entry_bowl, kennysheep_generic_room_9, uniq_grinder,
          uniq_edmund, uniq_ijyb

Skill      XL: |  1  2  3  4 |
---------------+-------------+-----
Armour         | 4 5 |  5.5
Fighting       | 4 5 |  5.1
Shields        | 4 |  4.9
Axes           | |  2.4

Action                     |  1- 3 |  4- 6 || total
---------------------------+-------+-------++-------
  Melee: War axe           |    64 |    51 ||   115
         Headbutt          |    13 |     3 ||    16
    Use: Scroll            |       |     4 ||     4
         Potion            |       |     1 ||     1
 Armour: Scale mail        |    27 |    30 ||    57
  Dodge: Dodged            |    28 |    27 ||    55
  Block: Buckler           |    12 |    10 ||    22

Table legend: (Time is in decaauts)
 A = Elapsed time spent in this place.
 B = Non-inter-level travel time spent in this place.
 C = Inter-level travel time spent in this place.
 D = Time resting spent in this place.
 E = Time spent auto-exploring this place.
 F = Levels seen in this place.
 G = Mean time per level.
                   A        B        C        D        E       F      G
               +--------+--------+--------+--------+--------+-----+--------+
         Total |   2302 |   2237 |     65 |     47 |   1677 |   4 |  575.5 |
       Dungeon |   2302 |   2237 |     65 |     47 |   1677 |   4 |  575.5 |
               +--------+--------+--------+--------+--------+-----+--------+

Top non-repeatable levels by time:
     D:2: 970 daAuts
     D:3: 624 daAuts
     D:1: 616 daAuts
     D:4: 90 daAuts
